 Dungeon Crawl Stone Soup version 0.30-a0-292-g0f741e3f8e (webtiles) character file.

Game seed: 12591631137323575867

45 droidtality the Chopper (level 3, -1/29 HPs)
             Began as a Demonspawn Fighter on Oct 17, 2022.
             Slain by Terence
             ... wielding a +0 trident
              (7 damage)
             ... on level 2 of the Dungeon.
             The game lasted 00:01:25 (1412 turns).

droidtality the Chopper (Demonspawn Fighter)        Turns: 1412, Time: 00:01:26

Health: -1/29      AC:  8    Str: 18    XL:     3   Next: 42%
Magic:  3/3        EV:  7    Int:  9    God:
Gold:   71         SH:  4    Dex: 12    Spells: 2/2 levels left

rFire   . . .      SeeInvis .    a - +0 war axe
rCold   . . .      Faith    .    c - +0 buckler
rNeg    . . .      Spirit   .    i - +0 chain mail
rPois   .          Reflect  .    (no helmet)
rElec   .          Harm     .    (no cloak)
rCorr   .          Rampage  .    (no gloves)
Will    .....                    (no boots)
Stlth   ..........               (no amulet)
HPRegen 0.24/turn                (no ring)
MPRegen 0.08/turn                (no ring)

@: no status effects
A: sturdy frame 1
a: no special abilities


You were on level 2 of the Dungeon.
You visited 1 branch of the dungeon, and saw 2 of its levels.

You collected 71 gold pieces.

Inventory:

Hand Weapons
 a - a +0 war axe (weapon)
Armour
 b - a +0 scale mail
 c - a +0 buckler (worn)
 i - a +0 chain mail (worn)
Jewellery
 g - a ring of magical power
Scrolls
 f - a scroll of identify {unknown}
 h - a scroll of vulnerability {unknown}
 j - a scroll of immolation {unknown}
 k - a scroll of amnesia {unknown}
Potions
 d - a potion of might
 e - a potion of curing {unknown}


   Skills:
 - Level 3.0 Fighting
 * Level 3.5 Axes
 - Level 2.6 Armour
 + Level 0.1 Stealth
 - Level 2.6 Shields


You had 2 spell levels left.
You didn't know any spells.
Your spell library contained the following spells:

 Spells                   Type           Power      Damage    Failure   Level
 Cigotuvi's Dreadful Rot  Necr/Pois/Air  0%         N/A       99%         2
 Poisonous Vapours        Pois/Air       0%         N/A       99%         2
 Mephitic Cloud           Conj/Pois/Air  0%         N/A       100%        3


Dungeon Overview and Level Annotations

Branches:
Dungeon (2/15)

Altars:
Ashenzari

Annotations:
D:2 Jessica, Terence


Innate Abilities, Weirdness & Mutations

Your movements are slightly less encumbered by armour. (ER -2)


Message History

No target in view!
No target in view!
No target in view!
You see here a bat corpse.
You open the door.
There is an open door here.
Jessica the Apprentice Sorceress comes into view.
She is wielding a +0 club.
Jessica shouts!
You hear a shout!
Jessica is nearby!
Jessica is nearby!
Jessica is nearby!
Terence the Incautious comes into view.
He is wielding a +0 trident.
Terence shouts!
You hear an angry hiss.
An endoplasm comes into view.
Jessica casts a spell at you. Pain shoots through your body!
You closely miss Jessica.
The endoplasm quivers.
Jessica hits you with a +0 club.
You barely miss Jessica. Jessica hits you but does no damage.
Jessica barely misses you. Terence looks scornfully at you.
You barely miss Jessica.
Jessica mumbles some strange words.
Jessica blinks!
Terence hits you with a +0 trident!
You are too injured to fight recklessly!
You are too injured to fight recklessly!
You are too injured to fight recklessly!
You are too injured to fight recklessly!
Unknown command.
You are too injured to fight recklessly!
You are too injured to fight recklessly!
You are too injured to fight recklessly!
You barely miss Terence. Terence hits you with a +0 trident.
* * * LOW HITPOINT WARNING * * *
A frilled lizard comes into view.
The frilled lizard hisses angrily.
You hit Terence but do no damage. Terence hits you with a +0 trident!
You die...

......###.#
#†.....#.^...........
......#
.###.####.#..##.########
...<..+ #...#
#.##.##.#....... ......#
#.### #.##.##.#.###..#
#.# #.##..#.#.......
###'######.......########
#.........#.......
#............_..##
+....@..@........
#........@J.....
#...............
#...............
##########...... .....l
...... ......


You could see Terence, Jessica, an endoplasm and a frilled lizard.

Vanquished Creatures
  A dart slug (D:2)
  5 ball pythons
  7 bats
  4 endoplasms
  A giant cockroach (D:1)
  4 goblins
  4 hobgoblins
  A quokka (D:1)
  4 frilled lizards
  4 kobolds
  4 rats (D:1)
39 creatures vanquished.

Vanquished Creatures (others)
  9 plants (D:2)
9 creatures vanquished.

Grand Total: 48 creatures vanquished

Notes
Turn   | Place    | Note
-------+----------+-------------------------------------------
     0 | D:1      | droidtality the Demonspawn Fighter began the quest for the
                  | Orb.
     0 | D:1      | Reached XP level 1. HP: 18/18 MP: 1/1
   230 | D:1      | Gained mutation: Your movements are slightly less
                  | encumbered by armour. (ER -2) [demonic ancestry]
   230 | D:1      | Reached XP level 2. HP: 24/24 MP: 2/2
  1057 | D:2      | Reached XP level 3. HP: 29/29 MP: 3/3
  1376 | D:2      | Found a broken altar of Ashenzari.
  1403 | D:2      | Noticed Jessica
  1406 | D:2      | Noticed Terence
  1412 | D:2      | Slain by Terence

Illustrated notes

Levels and vault maps discovered:
D:1:      shiori_arrival_elements, layout_basic
D:2:      layout_basic, basic_altar, serial_bayou_crossing, uniq_jessica,
          uniq_terence

Skill      XL: |  1  2 |
---------------+-------+-----
Axes           | 2 3 |  3.5
Fighting       | |  3.0
Armour         | |  2.6
Stealth        | |  0.1
Shields        | |  2.6

Action                   || total
-------------------------++-------
Melee: War axe           ||   108
Armor: Scale mail        ||    36
       Chain mail        ||    24
Dodge: Dodged            ||    55
Block: Buckler           ||    24

Table legend: (Time is in decaauts)
 A = Elapsed time spent in this place.
 B = Non-inter-level travel time spent in this place.
 C = Inter-level travel time spent in this place.
 D = Time resting spent in this place.
 E = Time spent auto-exploring this place.
 F = Levels seen in this place.
 G = Mean time per level.
                   A        B        C        D        E       F      G
               +--------+--------+--------+--------+--------+-----+--------+
         Total |   1459 |   1311 |    148 |      0 |   1027 |   2 |  729.5 |
       Dungeon |   1459 |   1311 |    148 |      0 |   1027 |   2 |  729.5 |
               +--------+--------+--------+--------+--------+-----+--------+

Top non-repeatable levels by time:
     D:1: 1071 daAuts
     D:2: 388 daAuts
